 Dungeon Crawl Stone Soup version 0.25-b1-39-g0d900dab71 (webtiles) character file.

Game seed: 8181197648780028584

703 gruber the Conjurer (level 7, -2/41 HPs)
             Began as an Octopode Conjurer on June 7, 2020.
             Shot with an arrow by a centaur (16 damage)
             ... on level 5 of the Dungeon.
             The game lasted 00:05:09 (5163 turns).

gruber the Conjurer (Octopode Conjurer)             Turns: 5163, Time: 00:05:09

Health: -2/41      AC:  1    Str:  8    XL:     7   Next: 66%
Magic:  6/14       EV: 13    Int: 25    God:
Gold:   252        SH:  0    Dex: 12    Spells: 10/16 levels left

rFire    . . .     SeeInvis .   i - +0 dagger
rCold    . . .     Gourm    .   (no shield)
rNeg     . . .     Faith    .   (helmet restricted)
rPois    .         Spirit   .   (no amulet)
rElec    .         Reflect  .   g - ring of stealth
rCorr    .         Harm     .   p - +6 ring of intelligence
MR       .....                  (no ring)
Stlth    ++++......             (no ring)
HPRegen  0.13/turn              (no ring)
MPRegen  0.14/turn              (no ring)
                                (no ring)
                                (no ring)

@: no status effects
A: almost no armour, stealthy swim, amphibious, 8 rings, constrict 8, camouflage
1, gelatinous body 1
a: no special abilities


You were on level 5 of the Dungeon.
You were not hungry.

You visited 1 branch of the dungeon, and saw 5 of its levels.

You collected 252 gold pieces.

Inventory:

Hand Weapons
 i - a +0 dagger (weapon)
Jewellery
 g - a ring of stealth (left tentacle)
 p - a +6 ring of intelligence (right tentacle)
Wands
 u - a wand of iceblast (8)
Scrolls
 a - 6 scrolls of identify {unknown}
 c - 5 scrolls of remove curse {unknown}
 d - a scroll of enchant weapon {unknown}
 e - 3 scrolls of teleportation {unknown}
 k - a scroll of random uselessness {unknown}
 n - 3 scrolls of amnesia {unknown}
 s - a scroll of enchant armour {unknown}
Potions
 f - a potion of degeneration {unknown}
 h - 2 potions of might {unknown}
 j - 2 potions of heal wounds {unknown}
 l - a potion of cancellation {unknown}
 m - a potion of magic {unknown}
 o - 2 potions of mutation {unknown}
 q - a potion of lignification {unknown}
 r - a potion of curing {unknown}
 t - a potion of brilliance {unknown}
Comestibles
 b - 7 rations
 v - 2 chunks of flesh


   Skills:
 - Level 2.0 Dodging
 - Level 2.6 Stealth
 - Level 5.0 Spellcasting
 + Level 7.6 Conjurations


You had 10 spell levels left.
You knew the following spells:

 Your Spells              Type           Power        Failure   Level  Hunger
a - Magic Dart            Conj           ####         1%          1    None
b - Searing Ray           Conj           #####.       1%          2    None
c - Dazzling Flash        Conj/Hex       ####..       5%          3    ##.....

Your spell library contained the following spells:

 Spells                   Type           Power        Failure   Level  Hunger
 Freeze                   Ice            #...         9%          1    None
 Fulminant Prism          Conj/Hex       ####......   17%         4    ####...
 Hailstorm                Conj/Ice       ####....     17%         4    ####...
 Iskenderun's Mystic Bla  Conj/Tloc      ####....     17%         4    ####...
 Frozen Ramparts          Ice            #.....       24%         3    ##.....
 Ozocubu's Armour         Chrm/Ice       #.......     24%         3    ##.....
 Summon Ice Beast         Ice/Summ       #.......     63%         4    ####...


Dungeon Overview and Level Annotations

Branches:
Dungeon (5/15)
 Temple: D:4-7

Altars:
Ashenzari
Fedhas
Hepliaklqana
Sif Muna
Xom
Zin


Innate Abilities, Weirdness & Mutations

You cannot wear most types of armour.
You are very stealthy in the water. (Stealth+)
You are amphibious.
You can wear up to eight rings at the same time.
You can use your tentacles to constrict eight enemies at once.
Your skin changes colour to match your surroundings (Stealth+).
Your rubbery body absorbs attacks. (AC +1, EV +1)


Message History

The searing ray hits the centaur.
The centaur is lightly wounded.
You finish channeling your searing ray.
You hear a shout! x2
The centaur shoots an arrow.
The arrow hits you!
Casting: Searing Ray (safe; 1% risk of failure)
Confirm with . or Enter, or press ? or * to list all spells.
Aiming: Searing Ray (safe; 1% risk of failure)
Press: ? - help, Shift-Dir - straight line, f - centaur
Aim: a centaur, wielding a +0 shortbow and quivering 28 arrows (lightly wounded)
The searing ray hits the centaur.
The centaur is moderately wounded. (Press . to maintain the ray.)
The centaur shoots an arrow.
The arrow barely misses you.
An orc comes into view. It is wielding a +0 trident.
Unknown command.
The searing ray hits the centaur!
The centaur is almost dead.
The centaur shoots an arrow.
The arrow hits you!
You die...

#######
#...(.######.
#..........o.
#....@#
#.....######..
#.....c..$/.cc
#.....########
#####.# #...#
#.#.# ..
#.#<####. ..
##.#......


You could see a centaur and an orc.

Vanquished Creatures
  Sigmund (D:5)
  A phantom (D:4)
  A centaur (D:5)
  A hound (D:4)
  An orc priest (D:4)
  3 orc wizards
  An iguana (D:4)
  4 worker ants
  A howler monkey skeleton (D:4)
  2 adders (D:4)
  An adder zombie (D:5)
  An adder skeleton (D:5)
  A worm (D:2)
  4 dart slugs
  A leopard gecko (D:1)
  12 orcs
  6 bats
  6 giant cockroaches
  A goblin (D:2)
  7 hobgoblins
  4 jackals (D:2)
  9 kobolds
  2 ball pythons
  5 frilled lizards
  6 rats
82 creatures vanquished.

Notes
Turn   | Place    | Note
-------+----------+-------------------------------------------
     0 | D:1      | gruber the Octopode Conjurer began the quest for the Orb.
     0 | D:1      | Reached XP level 1. HP: 11/11 MP: 3/3
   162 | D:1      | Reached XP level 2. HP: 17/17 MP: 0/5
   701 | D:1      | Reached XP level 3. HP: 21/21 MP: 1/6
   705 | D:1      | Learned a level 2 spell: Searing Ray
  1590 | D:2      | Reached skill level 5 in Conjurations
  1590 | D:2      | Reached XP level 4. HP: 22/27 MP: 2/8
  2121 | D:3      | Found a blossoming altar of Fedhas.
  2450 | D:3      | Learned a level 3 spell: Dazzling Flash
  2565 | D:3      | Found a glowing silver altar of Zin.
  2566 | D:3      | Found a shimmering blue altar of Sif Muna.
  2820 | D:3      | Found a shimmering altar of Xom.
  2821 | D:3      | Found a hazy altar of Hepliaklqana.
  2822 | D:3      | Noticed a spectral ugly thing
  2963 | D:4      | Reached XP level 5. HP: 13/31 MP: 1/9
  3478 | D:4      | Reached skill level 6 in Conjurations
  3530 | D:4      | Reached XP level 6. HP: 36/36 MP: 7/11
  3637 | D:4      | Noticed a phantom
  3646 | D:4      | Killed a phantom
  3969 | D:4      | Noticed a phantom
  4361 | D:4      | Found a shattered altar of Ashenzari.
  4596 | D:4      | Reached XP level 7. HP: 41/41 MP: 8/13
  4749 | D:5      | Entered Level 5 of the Dungeon
  5057 | D:5      | Noticed Sigmund
  5062 | D:5      | Killed Sigmund
  5062 | D:5      | Reached skill level 5 in Spellcasting
  5062 | D:5      | Reached skill level 7 in Conjurations
  5163 | D:5      | Shot with an arrow by a centaur

Illustrated notes

Levels and vault maps discovered:
D:1:      ncdulo_watergridlock, layout_loops_ring, minmay_tromino_i2
D:2:      layout_rooms
D:3:      layout_basic, regret_index_temple_of_mockery,
          gammafunk_temple_overflow_statue, st_stairs_1, minivault_11,
          fedhas_ov_isle_minmay
D:4:      layout_gridville, st_stairs_14, minmay_misc_feat_enclosed,
          evilmike_ruin_ashenzari
D:5:      minmay_evil_eye, layout_rooms, temple_hall, first_ration,
          skrybe_limestone_x, uniq_sigmund

Skill      XL: |  1  2  3  4  5  6  7 |
---------------+----------------------+-----
Conjurations   | 5 6 7 |  7.6
Spellcasting   | 3 4 5 |  5.0
Dodging        | |  2.0
Stealth        | |  2.6

Action                   |  1- 3 |  4- 6 |  7- 9 || total
-------------------------+-------+-------+-------++-------
Melee: Unarmed           |    46 |       |       ||    46
       Tentacles         |    13 |     6 |     1 ||    20
       Constrict         |    10 |    12 |     2 ||    24
       Dagger            |     1 |    44 |    10 ||    55
 Cast: Magic Dart        |    27 |    15 |       ||    42
       Searing Ray       |     3 |    20 |     7 ||    30
 Stab: Sleeping          |     7 |     7 |       ||    14
  Eat: Chunk             |     2 |     9 |     3 ||    14
Armor: Skin              |     3 |     4 |       ||     7
Dodge: Dodged            |    56 |    38 |    14 ||   108
